3A
YORK REVOLUTION @ MYRTLE BEACH SEAHAWKS
08/07/2027
 
TOP OF THE 1ST
York Revolution batting - Pitching for Myrtle Beach Seahawks : RHP Ira Hipps
Pitching: RHP Ira Hipps
Batting: SHB Gerardo Dueñas 0-0: Called Strike
0-1: Foul Ball, location: 2F
0-2: Ball
1-2: Fly out, F3 (Line Drive, 3)
Batting: RHB Ernesto Deleón 0-0: Ball
1-0: Ball
2-0: Ground out 6-3 (Groundball, 6)
Batting: RHB Sherwood Lefebvre 0-0: Ball
1-0: Ball
2-0: Called Strike
2-1: SINGLE (Line Drive, 56)
Batting: RHB Domingo Bravo 0-0: Fly out, F8 (Line Drive, 8LM)
Top of the 1st over - 0 run(s), 1 hit(s), 0 error(s), 1 left on base; York 0 - Myrtle Beach 0
BOTTOM OF THE 1ST
Myrtle Beach Seahawks batting - Pitching for York Revolution : LHP Rodney Spurr
Pitching: LHP Rodney Spurr
Batting: RHB Borja Berrios 0-0: Called Strike
0-1: Ball
1-1: Ball
2-1: Ball
3-1: Fly out, F8 (Flyball, 8LS)
Batting: RHB Chan-Wook Park 0-0: Called Strike
0-1: Foul Ball, location: 2F
0-2: Foul Ball, location: 2F
0-2: Strikes out swinging
Batting: RHB Aaron Dixon 0-0: Ball
1-0: Ball
2-0: SOLO HOME RUN (Flyball, 7LD), Distance : 371 ft
Batting: RHB Turner Buccigross 0-0: Ball
1-0: Foul Ball, location: 2F
1-1: Ball
2-1: Fly out, F8 (Flyball, 8LM)
Bottom of the 1st over - 1 run(s), 1 hit(s), 0 error(s), 0 left on base; York 0 - Myrtle Beach 1
TOP OF THE 2ND
York Revolution batting - Pitching for Myrtle Beach Seahawks : RHP Ira Hipps
Batting: RHB Terry Cheadle 0-0: Ball
1-0: Fly out, F4 (Popup, 4S)
Batting: RHB Cristóbal Covarrubiois 0-0: Swinging Strike
0-1: Foul Ball, location: 2F
0-2: Strikes out swinging
Batting: RHB Billy Hess 0-0: Ball
1-0: Ball
2-0: Foul Ball, location: 2F
2-1: Ball
3-1: Fly out, F6 (Line Drive, 6)
Top of the 2nd over - 0 run(s), 0 hit(s), 0 error(s), 0 left on base; York 0 - Myrtle Beach 1
BOTTOM OF THE 2ND
Myrtle Beach Seahawks batting - Pitching for York Revolution : LHP Rodney Spurr
Batting: RHB Reece Cockin 0-0: Called Strike
0-1: Ball
1-1: Called Strike
1-2: Strikes out swinging
Batting: RHB Jim Brooks 0-0: Called Strike
0-1: Ball
1-1: Ball
2-1: Foul Ball, location: 2F
2-2: Ball
3-2: Base on Balls
Batting: RHB Andy Llewellyn 0-0: Ball
1-0: Ball
2-0: Called Strike
2-1: Ball
3-1: Called Strike
3-2: 2-RUN HOME RUN (Flyball, 7D), Distance : 405 ft
Batting: RHB Gérard Chesnutt 0-0: Fly out, F5 (Line Drive, 56)
Batting: SHB Álex Castillo 0-0: Ball
1-0: Ball
2-0: SINGLE (Groundball, 6MD)
Batting: RHB Borja Berrios 0-0: Ball
1-0: Ball
2-0: Ball
3-0: Called Strike
3-1: Base on Balls
Álex Castillo to second
Batting: RHB Chan-Wook Park 0-0: Ball
1-0: Fly out, F8 (Flyball, 89M)
Bottom of the 2nd over - 2 run(s), 2 hit(s), 0 error(s), 2 left on base; York 0 - Myrtle Beach 3
TOP OF THE 3RD
York Revolution batting - Pitching for Myrtle Beach Seahawks : RHP Ira Hipps
Batting: RHB Donald Perry 0-0: Ball
1-0: Ball
2-0: Swinging Strike
2-1: Foul Ball, location: 2F
2-2: Foul Ball, location: 2F
2-2: Foul Ball, location: 2F
Error on foul ball, E2
2-2: Ground out 4-3 (Groundball, 4)
Batting: RHB Jorge Barrón 0-0: Called Strike
0-1: Ball
1-1: Ball
2-1: Ball
3-1: Base on Balls
Batting: SHB Gerardo Dueñas 0-0: Ball
1-0: Foul Ball, location: 2F
1-1: Called Strike
1-2: SINGLE (Groundball, 34S) (infield hit)
Jorge Barrón to second
Batting: RHB Ernesto Deleón 0-0: Called Strike
0-1: Ball
1-1: DOUBLE (Line Drive, 7D)
Jorge Barrón scores
Gerardo Dueñas to third
Runner from 3rd tries for Home, SAFE, no throw
Batting: RHB Sherwood Lefebvre 0-0: Called Strike
0-1: Ball
1-1: Fly out, F8 (Flyball, 8RS)
Batting: RHB Domingo Bravo 0-0: Called Strike
0-1: Ball
1-1: Ground out 5-3 (Groundball, 56)
Top of the 3rd over - 2 run(s), 2 hit(s), 1 error(s), 1 left on base; York 2 - Myrtle Beach 3
BOTTOM OF THE 3RD
Myrtle Beach Seahawks batting - Pitching for York Revolution : LHP Rodney Spurr
Batting: RHB Aaron Dixon 0-0: Ball
1-0: Called Strike
1-1: Ball
2-1: Foul Ball, location: 2F
2-2: Strikes out looking
Batting: RHB Turner Buccigross 0-0: Called Strike
0-1: Called Strike
0-2: Ball
1-2: Ball
2-2: Strikes out looking
Batting: RHB Reece Cockin 0-0: Ball
1-0: Ground out 1-3 (Groundball, 13)
Bottom of the 3rd over - 0 run(s), 0 hit(s), 0 error(s), 0 left on base; York 2 - Myrtle Beach 3
TOP OF THE 4TH
York Revolution batting - Pitching for Myrtle Beach Seahawks : RHP Ira Hipps
Batting: RHB Terry Cheadle 0-0: Ball
1-0: Ball
2-0: Ball
3-0: Called Strike
3-1: Ground out 3-1 (Groundball, 3S)
Batting: RHB Cristóbal Covarrubiois 0-0: Ball
1-0: Swinging Strike
1-1: Foul Ball, location: 2F
1-2: Ball
2-2: Fly out, F9 (Flyball, 89S)
Batting: RHB Billy Hess 0-0: Called Strike
0-1: Ball
1-1: Ball
2-1: Ball
3-1: Base on Balls
Batting: RHB Donald Perry 0-0: Foul Ball, location: 2F
0-1: Fielders Choice at 2nd, 5-4 (Groundball, 5)
Top of the 4th over - 0 run(s), 0 hit(s), 0 error(s), 0 left on base; York 2 - Myrtle Beach 3
BOTTOM OF THE 4TH
Myrtle Beach Seahawks batting - Pitching for York Revolution : LHP Rodney Spurr
Batting: RHB Jim Brooks 0-0: Foul Ball, location: 2F
0-1: Fly out, F4 (Popup, 4)
Batting: RHB Andy Llewellyn 0-0: Foul Ball, location: 2F
0-1: Ball
1-1: Ball
2-1: SINGLE (Groundball, 34D)
Batting: RHB Gérard Chesnutt 0-0: Called Strike
0-1: Grounds into double play, 4-6-3 (Groundball, 4)
Bottom of the 4th over - 0 run(s), 1 hit(s), 0 error(s), 0 left on base; York 2 - Myrtle Beach 3
TOP OF THE 5TH
York Revolution batting - Pitching for Myrtle Beach Seahawks : RHP Ira Hipps
Batting: RHB Jorge Barrón 0-0: Fly out, F6 (Line Drive, 6)
Batting: SHB Gerardo Dueñas 0-0: Called Strike
0-1: Swinging Strike
0-2: Ball
1-2: Ball
2-2: Ball
3-2: Fly out, F4 (Line Drive, 4)
Batting: RHB Ernesto Deleón 0-0: Ball
1-0: Ball
2-0: Foul Ball, location: 2F
2-1: Ball
3-1: Fly out, F7 (Flyball, 7)
Top of the 5th over - 0 run(s), 0 hit(s), 0 error(s), 0 left on base; York 2 - Myrtle Beach 3
BOTTOM OF THE 5TH
Myrtle Beach Seahawks batting - Pitching for York Revolution : LHP Rodney Spurr
Batting: SHB Álex Castillo 0-0: Ball
1-0: Foul Ball, location: 2F
1-1: Ball
2-1: Ball
3-1: Foul Ball, location: 2F
3-2: SINGLE (Line Drive, 4D)
Batting: RHB Borja Berrios 0-0: Bunt missed!
0-1: Sac Bunt - play at first, batter OUT! 1-4
Álex Castillo to second
Batting: RHB Chan-Wook Park 0-0: Foul Ball, location: 2F
0-1: Fly out, F7 (Flyball, 7S)
Batting: RHB Aaron Dixon 0-0: Ball
1-0: Called Strike
1-1: SINGLE (Flyball, 8LS)
Álex Castillo to third
Runner from 3rd tries for Home, SAFE, no throw
Batting: RHB Turner Buccigross 0-0: Ball
1-0: Called Strike
1-1: Swinging Strike
1-2: Fly out, F9 (Flyball, 89S)
Bottom of the 5th over - 1 run(s), 2 hit(s), 0 error(s), 1 left on base; York 2 - Myrtle Beach 4
TOP OF THE 6TH
York Revolution batting - Pitching for Myrtle Beach Seahawks : RHP Ira Hipps
Batting: RHB Sherwood Lefebvre 0-0: Ball
1-0: Called Strike
1-1: Fly out, F5 (Popup, 56)
Batting: RHB Domingo Bravo 0-0: Called Strike
0-1: Fly out, F4 (Line Drive, 4)
Batting: RHB Terry Cheadle 0-0: Ball
1-0: Called Strike
1-1: Foul Ball, location: 2F
1-2: Ground out 1-3 (Groundball, 15)
Top of the 6th over - 0 run(s), 0 hit(s), 0 error(s), 0 left on base; York 2 - Myrtle Beach 4
BOTTOM OF THE 6TH
Myrtle Beach Seahawks batting - Pitching for York Revolution : LHP Rodney Spurr
Batting: RHB Reece Cockin 0-0: Ball
1-0: Ball
2-0: Called Strike
2-1: Called Strike
2-2: SOLO HOME RUN (Flyball, 7D), Distance : 425 ft
Batting: RHB Jim Brooks 0-0: Called Strike
0-1: Ball
1-1: Foul Ball, location: 2F
1-2: Ball
2-2: Strikes out swinging
Batting: RHB Andy Llewellyn 0-0: Ball
1-0: SINGLE (Groundball, 6MD)
Batting: RHB Gérard Chesnutt 0-0: Reached on error, E1 (Groundball, P)
Andy Llewellyn to second
Batting: SHB Álex Castillo 0-0: SINGLE (Groundball, 34D)
Andy Llewellyn to third
Gérard Chesnutt to second
Runner from 3rd tries for Home, SAFE, no throw
Batting: RHB Borja Berrios 0-0: Called Strike
0-1: Ball
1-1: Called Strike
1-2: Ball
2-2: Grounds into double play, 3-6-3 (Groundball, 3)
Bottom of the 6th over - 2 run(s), 3 hit(s), 1 error(s), 1 left on base; York 2 - Myrtle Beach 6
TOP OF THE 7TH
York Revolution batting - Pitching for Myrtle Beach Seahawks : RHP Ira Hipps
Pitching: LHP Carlos González
Batting: RHB Cristóbal Covarrubiois 0-0: Called Strike
0-1: Ball
1-1: Ball
2-1: Ball
3-1: Foul Ball, location: 2F
3-2: Ground out 6-3 (Groundball, 6)
Batting: RHB Billy Hess 0-0: Ball
1-0: Foul Ball, location: 2F
1-1: Ball
2-1: Foul Ball, location: 2F
2-2: Ball
3-2: Base on Balls
Batting: RHB Donald Perry 0-0: Ball
1-0: Called Strike
1-1: Ball
2-1: Ball
3-1: Called Strike
3-2: Base on Balls
Billy Hess to second
Batting: RHB Jorge Barrón 0-0: SINGLE (Flyball, 6MD)
Billy Hess to third
Donald Perry to second
Batting: SHB Gerardo Dueñas 0-0: Ball
1-0: SINGLE (Groundball, 56D)
Billy Hess scores
Donald Perry to third
Jorge Barrón to second
Runner from 3rd tries for Home, SAFE, throw made home
Batting: RHB Ernesto Deleón 0-0: Ball
1-0: SINGLE (Line Drive, 89S)
Jorge Barrón to third
Gerardo Dueñas to second
Batting: RHB Sherwood Lefebvre 0-0: Called Strike
0-1: Swinging Strike
0-2: Foul Ball, location: 2F
0-2: DOUBLE (Flyball, 78D)
Jorge Barrón scores
Gerardo Dueñas scores
Ernesto Deleón to third
Batting: RHB Domingo Bravo 0-0: Intentional Walk
Pitching: RHP Greyfriars Bobby
Pinch Hitting: LHB Jim Unknown 0-0: Swinging Strike
0-1: Called Strike
0-2: Ball
1-2: Ball
2-2: Fly out, F9 (Flyball, 9LSF)
Runner from 3rd tags up, SCORES, no throw
Batting: RHB Cristóbal Covarrubiois 0-0: Ball
1-0: Ball
2-0: Foul Ball, location: 2F
2-1: Foul Ball, location: 2F
2-2: Foul Ball, location: 2F
2-2: Strikes out looking
Top of the 7th over - 5 run(s), 4 hit(s), 0 error(s), 2 left on base; York 7 - Myrtle Beach 6
BOTTOM OF THE 7TH
Myrtle Beach Seahawks batting - Pitching for York Revolution : LHP Rodney Spurr
Now at 3B: Jim Unknown
Batting: RHB Chan-Wook Park 0-0: Called Strike
0-1: Swinging Strike
0-2: Strikes out swinging
Batting: RHB Aaron Dixon 0-0: Ball
1-0: Ball
2-0: Fly out, F6 (Popup, 6MS)
Batting: RHB Turner Buccigross 0-0: Ground out 6-3 (Groundball, 56)
Bottom of the 7th over - 0 run(s), 0 hit(s), 0 error(s), 0 left on base; York 7 - Myrtle Beach 6
TOP OF THE 8TH
York Revolution batting - Pitching for Myrtle Beach Seahawks : RHP Greyfriars Bobby
Batting: RHB Billy Hess 0-0: Ball
1-0: Foul Ball, location: 2F
1-1: Called Strike
1-2: Foul Ball, location: 2F
1-2: Ground out 5-3 (Groundball, 56)
Batting: RHB Donald Perry 0-0: Foul Ball, location: 2F
0-1: Ground out 6-3 (Groundball, 6)
Batting: RHB Jorge Barrón 0-0: Called Strike
0-1: Ball
1-1: Foul Ball, location: 2F
1-2: Strikes out looking
Top of the 8th over - 0 run(s), 0 hit(s), 0 error(s), 0 left on base; York 7 - Myrtle Beach 6
BOTTOM OF THE 8TH
Myrtle Beach Seahawks batting - Pitching for York Revolution : LHP Rodney Spurr
Batting: RHB Reece Cockin 0-0: Called Strike
0-1: Ball
1-1: Fly out, F9 (Flyball, 9LS)
Batting: RHB Jim Brooks 0-0: Called Strike
0-1: Ball
1-1: Ball
2-1: Called Strike
2-2: Foul Ball, location: 2F
2-2: Ground out 3-1 (Groundball, 34)
Batting: RHB Andy Llewellyn 0-0: Ball
1-0: Foul Ball, location: 2F
1-1: Swinging Strike
1-2: Ball
2-2: Ball
3-2: Foul Ball, location: 2F
3-2: DOUBLE (Line Drive, 9LM)
Pitching: RHP Edward Ayers
Pinch Hitting: RHB Alejandro Santiago 0-0: Ball
1-0: Ball
2-0: Foul Ball, location: 2F
2-1: Ground out 1-3 (Groundball, 13)
Bottom of the 8th over - 0 run(s), 1 hit(s), 0 error(s), 1 left on base; York 7 - Myrtle Beach 6
TOP OF THE 9TH
York Revolution batting - Pitching for Myrtle Beach Seahawks : RHP Greyfriars Bobby
Now at 1B: Alejandro Santiago
Batting: SHB Gerardo Dueñas 0-0: SINGLE (Line Drive, 56)
Batting: RHB Ernesto Deleón
Pinch Hitting: LHB Chip Garner 0-0: Called Strike
Gerardo Dueñas steals 2nd base
0-1: Called Strike
0-2: Strikes out swinging
Pinch Hitting: LHB Jim Unknown 0-0: Intentional Walk
Batting: RHB Domingo Bravo 0-0: Ball
Gerardo Dueñas steals 3rd base
Jim Unknown to second
1-0: Ball
2-0: Foul Ball, location: 2F
2-1: Ball
3-1: Called Strike
3-2: Foul Ball, location: 2F
3-2: Foul Ball, location: 2F
3-2: Ground out 6-3 (Groundball, 6S)
Pitching: RHP Alberto Baca
Batting: SHB Jim Unknown 0-0: Ball
1-0: Ball
2-0: Foul Ball, location: 2F
2-1: Ball
3-1: Fly out, F7 (Flyball, 78D)
Top of the 9th over - 0 run(s), 1 hit(s), 0 error(s), 2 left on base; York 7 - Myrtle Beach 6
BOTTOM OF THE 9TH
Myrtle Beach Seahawks batting - Pitching for York Revolution : RHP Edward Ayers
Pitching: RHP Orlando Téllez
Now at SS: Jim Unknown
Now in RF: Jim Unknown
Batting: SHB Álex Castillo 0-0: Fly out, F7 (Line Drive, 7)
Pinch Hitting: LHB Félix Boscocuro 0-0: Ball
1-0: Ground out 4-3 (Groundball, 4)
Batting: RHB Chan-Wook Park 0-0: SOLO HOME RUN (Flyball, 7LD), Distance : 388 ft
Batting: RHB Aaron Dixon 0-0: Ball
1-0: SINGLE (Line Drive, 4MD)
Pinch Runner at 1st Jim Unknown:
Batting: RHB Turner Buccigross 0-0: Foul Ball, location: 2F
0-1: Swinging Strike
0-2: Foul Ball, location: 2F
0-2: Ball
1-2: Foul Ball, location: 2F
1-2: Ball
2-2: Strikes out swinging
Bottom of the 9th over - 1 run(s), 2 hit(s), 0 error(s), 1 left on base; York 7 - Myrtle Beach 7
TOP OF THE 10TH
York Revolution batting - Pitching for Myrtle Beach Seahawks : RHP Alberto Baca
Pitching: RHP Allen Beach
Now at 2B: Jim Unknown
Batting: RHB Cristóbal Covarrubiois 0-0: Ball
Now at 2B: Juan Mendoza 1-0: Swinging Strike
1-1: Ball
2-1: Ground out 6-3 (Groundball, 6)
Batting: RHB Billy Hess 0-0: Called Strike
0-1: Fly out, F7 (Flyball, 78M)
Batting: RHB Donald Perry 0-0: Called Strike
0-1: Ground out 6-3 (Groundball, 6)
Top of the 10th over - 0 run(s), 0 hit(s), 0 error(s), 0 left on base; York 7 - Myrtle Beach 7
BOTTOM OF THE 10TH
Myrtle Beach Seahawks batting - Pitching for York Revolution : RHP Orlando Téllez
Pinch Hitting: RHB Jim Unknown 0-0: Ball
1-0: Ball
2-0: Swinging Strike
2-1: Ball
3-1: Base on Balls
Batting: RHB Jim Brooks 0-0: Ball
1-0: Sac Bunt - play at first, batter OUT! 1-4
Jim Unknown to second
Batting: RHB Andy Llewellyn 0-0: Ball
Passed Ball!
Jim Unknown to third
1-0: Intentional Walk
Batting: RHB Alejandro Santiago 0-0: Called Strike
0-1: Ball
1-1: Foul Ball, location: 2F
1-2: SINGLE (Groundball, 56D)
Jim Unknown scores
Saturday, May 26th, 2018 - OOTP Baseball 17.12 Build 75